Cogmind - Beta 14 @@@ ROGUE MODE // 2024.10.06 @ 06:32:44 Player: Spoing Result: Destroyed by G-34 Mercenary with Small Laser Performance ------------- Evolutions (0) 0 Regions Visited (4) 800 Robots Destroyed (20) 100 Value Destroyed (301) 301 Prototype IDs (23) 460 Alien Tech Used (0) 0 Bonus (300) 300 TOTAL SCORE: 1961 Bonus ------- Aligned with FarCom 300 Cogmind --------- Core Integrity 0/250 Matter 238/300 Energy 100/100 System Corruption 0% Temperature Cool (6) Movement Flying (120) Ox1 Location -9/Mines Parts ------- > --- POWER (1) -------- (None) > --- PROPULSION (2) --- Flight Unit > --- UTILITY (2) ------ Signal Interpreter PSU Rigger > --- WEAPON (2) ------- Grenade Launcher > --- INVENTORY (5) ---- Flight Unit Flight Unit Flight Unit Small Storage Unit Peak State ------------ > --- POWER ------------ (None) > --- PROPULSION ------- Flight Unit Flight Unit > --- UTILITY ---------- Signal Interpreter PSU Rigger > --- WEAPON ----------- Grenade Launcher > --- INVENTORY -------- Flight Unit Flight Unit Flight Unit Small Storage Unit [Rating: 12] Favorites ----------- Power Light Ion Engine Engine Light Ion Engine Propulsion Compact Wheel Wheel Compact Wheel Flight Unit Flight Unit Utility Signal Interpreter Device PSU Rigger Storage Large Storage Unit Processor Signal Interpreter Weapon Assault Rifle Energy Gun Medium Laser Ballistic Gun Assault Rifle Launcher Grenade Launcher Build | -11 -10 -10 -10 -9 ------- Run | Yrd Mat Min Exi Min Slots Evolved . | . . . . . Power . | . . . . . Propulsion . | . . . . . Utility . | . . . . . Weapon . | . . . . . Parts Attached 22 | 7 4 1 . 10 Power 6 | 1 2 1 . 2 Engine 6 | 1 2 1 . 2 Core . | . . . . . Reactor . | . . . . . Propulsion 5 | 2 . . . 3 Treads . | . . . . . Leg . | . . . . . Wheel 2 | 2 . . . . Hover . | . . . . . Flight 3 | . . . . 3 Utility 4 | 1 2 . . 1 Device 1 | . . . . 1 Storage 2 | 1 1 . . . Processor 1 | . 1 . . . Hackware . | . . . . . Protection . | . . . . . Artifact . | . . . . . Weapon 7 | 3 . . . 4 Energy Gun 1 | 1 . . . . Energy Cannon . | . . . . . Ballistic Gun 5 | 2 . . . 3 Ballistic Cannon . | . . . . . Launcher 1 | . . . . 1 Special Weapon . | . . . . . Impact Weapon . | . . . . . Slashing Weapon . | . . . . . Piercing Weapon . | . . . . . Special Melee Weapon . | . . . . . Unidentified Prototypes . | . . . . . Parts Lost 12 | . 1 2 . 9 Power 4 | . 1 1 . 2 Propulsion 4 | . . 1 . 3 Utility . | . . . . . Weapon 4 | . . . . 4 Highest Loss Streak 5 | . 1 2 . 5 To Critical Strikes . | . . . . . Average Slot Usage (%) 93 | . 97 93 85 90 Engine 13 | . 14 13 14 12 Wheel 20 | . 28 22 14 11 Flight 3 | . . . . 13 Storage 13 | . 14 14 14 11 Processor 13 | . 11 14 14 14 Ballistic Gun 26 | . 28 28 28 22 Peak Build Rating 12 | 6 8 8 8 12 Average Rating 7 | 2 6 7 7 8 On Entrance 5 | . 6 8 7 8 Naked Turns . | . . . . . Heaviest Build 26 | 13 26 26 26 26 Greatest Support 32 | 32 32 32 16 16 Greatest Overweight (x) 6 | . . 1 1 6 Average Overweight (x) . | . . . 1 . Largest Inventory Capacity 15 | 8 15 15 15 15 Average Capacity 11 | 5 8 15 15 13 Most Carried 15 | 5 11 15 15 15 Average Carried 10 | 3 7 12 14 13 Final Capacity 15 | 8 15 15 15 5 Final Carried 15 | 2 11 15 15 4 Class Distribution -------------------- 76% | Mutant 23% | Scavenger-Mutant Dominant Class ---------------- Mutant | -10/Materials Mutant | -10/Mines Mutant | -10/Exiles Scavenger-Mutant | -9/Mines Resources | -11 -10 -10 -10 -9 ----------- Run | Yrd Mat Min Exi Min Matter Collected 548 | 203 254 20 . 71 Remotely . | . . . . . Salvage Created 483 | . 361 56 . 66 Parts 36 | . 22 5 . 9 Haulers Intercepted 1 | . 1 . . . Recyclers Shooed 1 | . 1 . . . Parts Field Recycled . | . . . . . Retrieved Matter . | . . . . . Parts Self-Destructed . | . . . . . Prevented . | . . . . . Kills | -11 -10 -10 -10 -9 ------- Run | Yrd Mat Min Exi Min Combat Hostiles Destroyed 15 | . 7 3 . 5 Guns 14 | . 7 3 . 4 AOE 1 | . . . . 1 Classes Destroyed 6 | . 6 . . . Worker 1 | . 1 . . . Tunneler 1 | . 1 . . . Hauler 1 | . 1 . . . Watcher 2 | . 2 . . . Swarmer 11 | . 3 3 . 5 Grunt 4 | . 4 . . . Best Kill Streak 5 | . 5 2 . 4 Combat Bots Only 4 | . 3 2 . 4 Max Kills in Single Turn 2 | . 1 1 . 2 Gunslinging 1 | . . . . 1 Exploded 1 | . . . . 1 Melee . | . . . . . Uniques/NPCs Destroyed . | . . . . . Combat | -11 -10 -10 -10 -9 -------- Run | Yrd Mat Min Exi Min Hostile Shots Fired 98 | . 36 16 . 46 Missed 22 | . 8 4 . 10 Damage Taken 1027 | . 292 97 . 638 Core 259 | . 32 15 . 212 Absorbed by Shields . | . . . . . Core Remaining (%) 100 | 100 . . . . Volleys Fired 56 | . 38 8 . 10 Largest 2 | . 2 2 . 2 Hottest 40 | . 40 40 . 40 Shots Fired 108 | . 76 16 . 16 Gun 107 | . 76 16 . 15 Cannon . | . . . . . Launcher 1 | . . . . 1 Special . | . . . . . Kinetic 107 | . 76 16 . 15 Thermal . | . . . . . Explosive 1 | . . . . 1 Electromagnetic . | . . . . . Robot Hit Streak 8 | . 8 3 . 7 Robot Miss Streak 5 | . 5 5 . 2 Penetration Max . | . . . . . Secondary Targets 1 | . . . . 1 Max Gunslinging Chain 1 | . . . . 1 Shots Hit Robots 63 | . 44 8 . 11 Core Hits 31 | . 22 3 . 6 Critical Kills . | . . . . . Critical Parts Destroyed . | . . . . . Critical Strikes . | . . . . . Melee Attacks . | . . . . . Impact . | . . . . . Slashing . | . . . . . Piercing . | . . . . . Sneak Attacks . | . . . . . Combat Hostiles . | . . . . . Follow-up Attacks . | . . . . . Damage Inflicted 679 | . 444 96 . 139 Guns 647 | . 444 96 . 107 Cannons . | . . . . . Explosions 32 | . . . . 32 Melee . | . . . . . Ramming . | . . . . . Kinetic 647 | . 444 96 . 107 Thermal . | . . . . . Explosive 32 | . . . . 32 Electromagnetic . | . . . . . Impact . | . . . . . Slashing . | . . . . . Piercing . | . . . . . Highest Corruption . | . . . . . Average Corruption . | . . . . . Corruption Purged . | . . . . . Corruption Blocked . | . . . . . Overload Shots . | . . . . . Overflow Damage . | . . . . . Projectiles . | . . . . . Explosions . | . . . . . Melee . | . . . . . Knockbacks . | . . . . . Impact . | . . . . . Kinetic . | . . . . . Secondary . | . . . . . Self-Inflicted Damage . | . . . . . Shots . | . . . . . Rammed . | . . . . . Targets Rammed . | . . . . . Kicked . | . . . . . Crushed . | . . . . . Highest Temperature 27 | . 27 . . . Average Temperature 10 | . 10 . . . Received Heat Transfer 171 | . 129 . . 42 Siege Activations . | . . . . . Robots Corrupted . | . . . . . Combat Hostiles . | . . . . . Parts Fried . | . . . . . Impact Corruptions . | . . . . . Robots Melted . | . . . . . Combat Hostiles . | . . . . . Parts Melted . | . . . . . Heat Transferred . | . . . . . Parts Sabotaged . | . . . . . Parts Stolen . | . . . . . Parts Stripped . | . . . . . Power Chain Reactions . | . . . . . Alert | -11 -10 -10 -10 -9 ------- Run | Yrd Mat Min Exi Min Peak Influence 158 | . 158 111 . 90 Initial 31 | . . 31 . . Average 59 | . 58 55 . 69 Maximum Alert Level . | . . . . . Low Security (%) 100 | 100 100 100 . 100 Level 1 . | . . . . . Level 2 . | . . . . . Level 3 . | . . . . . Level 4 . | . . . . . Level 5 . | . . . . . High Security . | . . . . . Max Security . | . . . . . Squads Dispatched 1 | . 1 . . . Investigation . | . . . . . Extermination . | . . . . . Reinforcement 1 | . 1 . . . Assault . | . . . . . Garrison . | . . . . . Intercept . | . . . . . Searches Triggered . | . . . . . Construction Impeded . | . . . . . Haulers Reinforced . | . . . . . Active Scanning Responses . | . . . . . Cargo Convoy Interrupts . | . . . . . Stealth | -11 -10 -10 -10 -9 --------- Run | Yrd Mat Min Exi Min Distress Signals . | . . . . . Communications Jammed . | . . . . . Distress Signals . | . . . . . Times Spotted 27 | . 10 5 . 12 Peak Tracking Total 4 | . 3 3 . 4 Tactical Retreats 4 | . 1 1 . 2 Traps | -11 -10 -10 -10 -9 ------- Run | Yrd Mat Min Exi Min Traps Triggered . | . . . . . Indirectly . | . . . . . Trap Hack Attempts . | . . . . . Triggered . | . . . . . Disarmed . | . . . . . Reprogrammed . | . . . . . Reused . | . . . . . Traps Extracted . | . . . . . Installed . | . . . . . Triggered . | . . . . . Objects Rigged 1 | . . . . 1 Machines | -11 -10 -10 -10 -9 ---------- Run | Yrd Mat Min Exi Min Machines Disabled . | . . . . . Max in Single Turn . | . . . . . Machines Repaired . | . . . . . Machines Dismantled . | . . . . . Machines Sabotaged . | . . . . . Overloaded Fab Kills . | . . . . . Hacking | -11 -10 -10 -10 -9 --------- Run | Yrd Mat Min Exi Min Machines Accessed 3 | . 2 . 1 . Terminals 2 | . 2 . . . Fabricators . | . . . . . Repair Stations . | . . . . . Recycling Units . | . . . . . Scanalyzers . | . . . . . Garrison Access . | . . . . . Total Hacks 5 | . 4 . 1 . Successful 3 | . 2 . 1 . Failed 2 | . 2 . . . Catastrophic . | . . . . . Database Lockouts . | . . . . . Manual 5 | . 4 . 1 . Terminals 4 | . 4 . . . Fabricators . | . . . . . Repair Stations . | . . . . . Recycling Units . | . . . . . Scanalyzers . | . . . . . Garrison Access . | . . . . . Terminal Hacks 3 | . 2 . 1 . Branch Access Points 1 | . 1 . . . Terminal Index 1 | . 1 . . . Derelict Proto ID Bank 1 | . . . 1 . Fabricator Hacks . | . . . . . Repair Station Hacks . | . . . . . Recycling Unit Hacks . | . . . . . Scanalyzer . | . . . . . Garrison Access Hacks . | . . . . . Unauthorized Hacks . | . . . . . Terminals . | . . . . . Fabricators . | . . . . . Repair Stations . | . . . . . Recycling Units . | . . . . . Scanalyzers . | . . . . . Garrison Access . | . . . . . Data Cores Recovered . | . . . . . Used . | . . . . . Hacking Detections 2 | . 2 . . . Full Trace Events . | . . . . . Feedback Events . | . . . . . Feedback Blocked . | . . . . . Robot Schematics Acquired . | . . . . . Robots Built . | . . . . . Authchips . | . . . . . Time . | . . . . . Total Robot Build Rating . | . . . . . Part Schematics Acquired . | . . . . . Parts Built . | . . . . . Authchips . | . . . . . Time . | . . . . . Total Part Build Rating . | . . . . . Parts Repaired . | . . . . . Time . | . . . . . Parts Recycled . | . . . . . Recycled Matter . | . . . . . Retrieved Matter . | . . . . . Retrieved Components . | . . . . . Parts Scanalyzed . | . . . . . Part Schematics Acquired . | . . . . . Parts Damaged . | . . . . . Bothacking | -11 -10 -10 -10 -9 ------------ Run | Yrd Mat Min Exi Min Used RIF Installer . | . . . . . Robots Hacked . | . . . . . Non-combat . | . . . . . Combat . | . . . . . Robot Hacks Applied . | . . . . . Relay Couplers Released . | . . . . . Fabnet Peak Effective % . | . . . . . Robots Rewired . | . . . . . Allies Hacked . | . . . . . Hacks Repelled . | . . . . . Allies | -11 -10 -10 -10 -9 -------- Run | Yrd Mat Min Exi Min Total Allies . | . . . . . Largest Group . | . . . . . Highest-Rated Group . | . . . . . Highest-Rated Ally . | . . . . . Total Orders . | . . . . . Ally Attacks . | . . . . . Total Damage . | . . . . . Kills . | . . . . . Allies Corrupted . | . . . . . Allies Melted . | . . . . . Intel | -11 -10 -10 -10 -9 ------- Run | Yrd Mat Min Exi Min Robot Analysis Total . | . . . . . Derelict Logs Recovered 3 | . . 1 . 2 Drone Launches . | . . . . . Drone Recoveries . | . . . . . Exploration | -11 -10 -10 -10 -9 ------------- Run | Yrd Mat Min Exi Min Turns Passed 1572 | 53 617 239 248 415 Spaces Moved 1075 | 41 348 191 215 280 Core 4 | 4 . . . . Treads . | . . . . . Legs . | . . . . . Wheels 972 | 37 348 191 215 181 Hover . | . . . . . Flight 99 | . . . . 99 Fastest Speed 37 | 50 100 100 115 37 Average Speed 101 | 95 100 104 115 91 Slowest Speed 525 | 100 100 115 115 525 Overloaded Moves . | . . . . . Propulsion Burnouts . | . . . . . Robots Hopped . | . . . . . Cave-ins Triggered . | . . . . . Exploration Rate (%) 41 | 3 42 39 60 62 Regions Visited 4 Branch Regions 3 Pre-discovered Areas 2 | . . 1 . 1 Known Exits Taken 3 | . 1 1 1 . Unknown Exits Taken 1 | 1 . . . . Scrap Searched 1 | . . . . 1 Spaces Dug . | . . . . . Terrain Destroyed 7 | . . . . 7 Melee . | . . . . . Projectile . | . . . . . AOE 7 | . . . . 7 Terrain Rammed . | . . . . . Walls Destroyed . | . . . . . Machines Disabled . | . . . . . Actions | -11 -10 -10 -10 -9 --------- Run | Yrd Mat Min Exi Min Total 1464 | 53 549 216 216 430 Wait 267 | . 144 12 . 111 Move 1071 | 40 347 190 214 280 Hop . | . . . . . Pick Up 34 | 6 13 5 1 9 Fast Attach 5 | 2 . . . 3 Attach 14 | 4 2 1 . 7 Detach . | . . . . . Swap 3 | 1 2 . . . Drop 13 | . 3 . 1 9 Fire 56 | . 38 8 . 10 Melee . | . . . . . Ram . | . . . . . Kick . | . . . . . Crush . | . . . . . Escape Stasis . | . . . . . Rewire . | . . . . . Trap 1 | . . . . 1 Miscellaneous . | . . . . . Route ------- -11/Scrapyard -10/Materials (discovered 2 exits: *Min x2) -10/Mines -10/Exiles -9/Mines History --------- Turn | Location | Event 18 | -11/Scrapyard | Discovered new exit (range 14) 54 | -11/Scrapyard | Entered Materials 114 | -10/Materials | Identified exit to Mines 303 | -10/Materials | Build established: Mutant 671 | -10/Materials | Entered Mines 804 | -10/Mines | Learned location of Zion (-7) 906 | -10/Mines | Deemed a non-threat by the Exiles lab entrance 906 | -10/Mines | Discovered new exit (range 5) 909 | -10/Mines | Identified exit to Exiles 910 | -10/Mines | Entered Exiles 938 | -10/Exiles | Met 8R-AWN 959 | -10/Exiles | Met EX-HEX 990 | -10/Exiles | Met EX-BIN 1004 | -10/Exiles | Aligned with FarCom system 1005 | -10/Exiles | Given EX-Vault access code 1037 | -10/Exiles | Opened EX-Vault 1046 | -10/Exiles | Found PSU Rigger 1072 | -10/Exiles | Warned to stay clear of 0b10 Research branches 1107 | -10/Exiles | Met EX-DEC 1149 | -10/Exiles | Discovered new exit (range 10) 1157 | -10/Exiles | Identified exit to Mines 1158 | -10/Exiles | Left Exiles lab with PSU Rigger 1158 | -10/Exiles | Entered Mines 1197 | -9/Mines | Lost 3 parts (1p2w) 1252 | -9/Mines | YI-UF0 nonchalantly dropped a Grenade Launcher on the ground 1461 | -9/Mines | Build established: Scavenger-Mutant 1493 | -9/Mines | Core integrity fell below 50% 1495 | -9/Mines | Core integrity fell below 20% 1527 | -9/Mines | Lost 5 parts (1p2n2w) 1531 | -9/Mines | Learned location of Recycling (-7) 1573 | -9/Mines | Destroyed by G-34 Mercenary with Small Laser Last Messages --------------- The unstable cave ceiling collapses. Dropped Lrg. Storage Unit. Lgt. Assault Rifle severed. The unstable cave ceiling collapses. Acquired Lgt. Ion Engine. Acquired 12 matter. Dropped Seismic Detector. Dropped Lgt. Assault Rifle. The unstable cave ceiling collapses. Flight Unit crushed. The unstable cave ceiling collapses. Acquired Flight Unit. The unstable cave ceiling collapses. Acquired derelict log, extracted data. World map updated: -7/Recycling. Dropped Lgt. Ion Engine. Rigged Lgt. Ion Engine with PSU Rigger. Acquired Rigged Lgt. Ion Engine. Flight Unit destroyed. Dropped Rigged Lgt. Ion Engine. Map ----- +----------------------------------------------------+ | ?????????????????????????????????????????????? | | ?????????????????????????????????????????????? | | ???????????????????????????####??????????????? | | ??????????????????????????? $ #??????????????? | | ???????????###?????????????# #??????????????? | | ???????????# ?????????????# #???????######## | | ???????????# ????????????## #???????# # | | ???????????# #???????????## #???????# | | ???????????# #???????????# ##??????# # | | ???????????# #???????????# ##???### | | ???????????# #??????????## ##?## # #[ ! | | ???????????# #????????### #?# !# | | ???????????# #???????## #?# *! | | ???????????# ######### #?# # | | ???????????# g ## ### | | ????###????# ########## ### | | ???## #??## ##??????## ###?# | | ???# ### ##??????####???### # | | ???# l ##??????????????# % #### | | ???## #??????????????# ##??# | | ????# """ #??????????????# ##???# | | ??## """ ##????????????# ##????? | | ??# """ * ##???????????## #?????? | | ??# ###??????????### #?????? | | ??## ## g ##???????????## ##?????? | | ???#####?###### @#????????????####??????? | | ??????????????## #??????????????????????? | | ???????????????#### ##??????????????????????? | | ???#####??????########???????????????######### | | ??## #????## #???????????????????# %[ | | ??# #??## #???????????????##### | | ??# ### #???????####???## ## ###### | | ??# #???????## ##### # #????# | | ??# #???????# # #????? | | ??# #???????# ## #????? | | ??# ##?####??# #????? | | ???# ### ##?## #????? | | ???## ## #### #####????? | | ????## #?## ## ##????????? | | ?????#####???# ####?????????? | | ?????????????# ### ##????????????? | | ?????????????# ##?# ## ##?????????????? | | ?????????????## ##??# ######??????????????? | | ??????????????####???# #???????????????????? | | ?????????????????????# ##??????????????????? | | ????????????????????## #??????????????????? | | ???????????????????## ##?????????????????? | | ??????????????????## #?????????????????? | | ?????????????????## #?????????????????? | | ?????????????????# #?????????????????? | +----------------------------------------------------+ Best States ------------- Heat Dissipation 25 Energy Generation 10 Energy Capacity 250 Matter Stores 300 Matter Capacity 300 Sight Range 16 Terrain Scan Density 10 Evasion (%) 62 Item Schematics ----------------- None Robot Schematics ------------------ None Fabricated ------------ Nothing Alien Tech Used ----------------- None Achievements -------------- None Challenges ------------ None Game ------ Seed CannonFrostDoublenader Manual? 0 Play Time 00:17:48 Cumulative 23.5 hours Start 2024.10.06 @ 06:15:09 End 2024.10.06 @ 06:32:44 Sessions 1 Manual Loads 0 Difficulty Rogue Special Mode None Game No. 24 Rogue 23 Adventurer 1 Explorer 0 Win Type - Total 0 Types 0/0/0/0/0/0/0/0/0 Lore% 14 Gallery% 22 Achievement% 21 Wizard Run 0 Options --------- Layout 1 ASCII 0 Keyboard 0 Movement Mouse Keybinds 0 Fullscreen 1 Font 32/SmallcapsGlow Map View 50x35 Zoom Use 0% Tactical HUD 0 Map Filters NONE Filters NONE Steam 1 RUN: e5d4e5e6-690a-454d-8847-5904a7fea4ca